 Dungeon Crawl Stone Soup version 0.24.0-125-gc4c63601f3 (webtiles) character file.

Game seed: 17054070603620887419, levelgen mode: deterministic

550 Bapho the Slasher (level 7, -2/55 HPs)
             Began as a Human Berserker on Mar 18, 2020.
             Was a Believer of Trog.
             Slain by Prince Ribbit (13 damage)
             ... on level 5 of the Dungeon.
             The game lasted 00:08:00 (3982 turns).

Bapho the Slasher (Human Berserker)                 Turns: 3982, Time: 00:08:00

Health: -2/55      AC:  6    Str: 17    XL:     7   Next: 54%
Magic:  7/7        EV: 11    Int:  8    God:    Trog [**....]
Gold:   196        SH:  0    Dex: 14    Spells: 6/6 levels left

rFire    . . .     SeeInvis .   a - +0 falchion
rCold    . . .     Gourm    .   (no shield)
rNeg     . . .     Faith    .   k - +0 ring mail
rPois    .         Spirit   .   (no helmet)
rElec    .         Reflect  .   q - +0 cloak
rCorr    .         Harm     .   (no gloves)
MR       .....                  (no boots)
Stlth    +.........             (no amulet)
HPRegen  0.18/turn              (no ring)
MPRegen  0.10/turn              (no ring)

@: slowed, very slow
A: no striking features
a: Berserk, Trog's Hand, Renounce Religion


You were on level 5 of the Dungeon.
You worshipped Trog.
Trog was pleased with you.
You were near starving.

You visited 1 branch of the dungeon, and saw 5 of its levels.

You collected 196 gold pieces.

Inventory:

Hand Weapons
 a - a +0 falchion (weapon)
Missiles
 d - 43 stones (quivered)
 i - 40 arrows
Armour
 b - a +0 animal skin
 k - a +0 ring mail (worn)
 q - a +0 cloak (worn)
Jewellery
 l - an uncursed ring of fire {unknown}
 o - an uncursed ring of ice {unknown}
 p - an uncursed ring of ice {unknown}
 t - an uncursed amulet of faith {unknown}
Wands
 r - a wand of digging (5)
Scrolls
 e - a scroll of fear {unknown}
 g - 2 scrolls of teleportation {unknown}
 n - 2 scrolls of enchant armour {unknown}
 s - 3 scrolls of remove curse
Potions
 f - 2 potions of curing {unknown}
 h - a potion of brilliance
 j - 2 potions of agility {unknown}
 m - a potion of ambrosia {unknown}
 u - a potion of degeneration {unknown}
Comestibles
 c - 9 rations


   Skills:
 + Level 4.8 Fighting
 * Level 6.8 Long Blades
 - Level 1.6 Throwing
 - Level 2.0 Armour
 - Level 2.0 Dodging
 - Level 0.3 Stealth


You had 6 spell levels left.
You didn't know any spells.
Your spell library was empty.

Dungeon Overview and Level Annotations

Branches:
Dungeon (5/15)
 Temple: D:4-7

Altars:
Yredelemnul

Annotations:
D:5 Prince Ribbit


Message History

You miss Prince Ribbit.
Prince Ribbit is heavily wounded.
Prince Ribbit barely misses you.
You riposte.
You hit Prince Ribbit.
Prince Ribbit is severely wounded.
Prince Ribbit closely misses you.
You riposte.
You miss Prince Ribbit.
Prince Ribbit is severely wounded.
You hit Prince Ribbit.
Prince Ribbit is severely wounded.
Prince Ribbit hits you.
* * * LOW HITPOINT WARNING * * *
Prince Ribbit hits you.
* * * LOW HITPOINT WARNING * * *
You miss Prince Ribbit.
Prince Ribbit is severely wounded.
Prince Ribbit hits you but does no damage.
Prince Ribbit misses you.
You hit Prince Ribbit but do no damage.
Prince Ribbit is severely wounded.
Prince Ribbit hits you!
You die...

....# #..# #.........#
.#### #..# #.#######.#
....# #..# #...# #.# ###.#
#..########.### #.# #.#
#)%...........# #.# #.#
#)#########.#.# #.# #.# #.#
#.#.# #.# #.#
#.#########F#.# #.# #.#
#.........@.#.# #.# #.#
#############.# #.### #.#
.# #...#
#.#######################.#
#.........................#
#.#############.###########
### ###


You could see Prince Ribbit.

Vanquished Creatures
  Eustachio (D:4)
  An ogre (D:2)
  2 orc priests
  2 orc wizards
  3 worker ants (D:4)
  6 adders
  An ooze (D:3)
  2 adder skeletons
  3 worms
  A dart slug (D:3)
  A leopard gecko (D:3)
  9 orcs
  A ball python (D:4)
  5 giant cockroaches
  A goblin (D:2)
  4 hobgoblins
  3 jackals (D:1)
  10 kobolds
  5 bats
  2 frilled lizards
  5 rats
68 creatures vanquished.

Notes
Turn   | Place    | Note
-------+----------+-------------------------------------------
     0 | D:1      | Bapho the Human Berserker began the quest for the Orb.
     0 | D:1      | Reached XP level 1. HP: 18/18 MP: 1/1
   318 | D:1      | Reached XP level 2. HP: 22/24 MP: 2/2
   966 | D:2      | Noticed an ogre
  1002 | D:2      | Killed an ogre
  1002 | D:2      | Reached skill level 4 in Long Blades
  1002 | D:2      | Reached skill level 1 in Throwing
  1002 | D:2      | Reached XP level 3. HP: 29/29 MP: 3/3
  1002 | D:2      | Reached XP level 4. HP: 36/36 MP: 4/4
  1002 | D:2      | Reached XP level 5. HP: 41/41 MP: 5/5
  1101 | D:2      | Reached ** piety under Trog
  1374 | D:2      | HP: 2/42 [worm (6)]
  1416 | D:2      | Reached skill level 5 in Long Blades
  1874 | D:3      | Reached XP level 6. HP: 37/48 MP: 6/6
  2877 | D:4      | Noticed Eustachio
  2893 | D:4      | Killed Eustachio
  2893 | D:4      | Reached skill level 6 in Long Blades
  2893 | D:4      | Reached XP level 7. HP: 37/55 MP: 7/7
  3479 | D:4      | Found a basalt altar of Yredelemnul.
  3845 | D:5      | Entered Level 5 of the Dungeon
  3948 | D:5      | Noticed Prince Ribbit
  3982 | D:5      | Slain by Prince Ribbit

Levels and vault maps discovered:
D:1:      eino_arrival_tree_alley, layout_rooms, roderic_serpentine_path
D:2:      layout_basic, minmay_stone_trees_small, minmay_quantized
D:3:      layout_loops_ring, first_ration, serial_bayou_pond_b,
          due_unseen_surprise
D:4:      layout_cave_pools, yredelemnul_altar_generic, nrook_loot_triangle,
          serial_bayou_pond_a, nrook_uturn, uniq_eustachio
D:5:      layout_basic, serial_bayou_pond_d, feat_on_display,
          uniq_prince_ribbit1

Skill      XL: |  1  2  3  4  5  6 |
---------------+-------------------+-----
Long Blades    | 4 5 6 |  6.8
Throwing       | 1 |  1.6
Fighting       | 4 |  4.8
Armour         | |  2.0
Dodging        | |  2.0
Stealth        | |  0.3

Action                   |  1- 3 |  4- 6 |  7- 9 || total
-------------------------+-------+-------+-------++-------
Melee: Falchion          |    27 |   127 |    68 ||   222
Throw: Stone             |    31 |    59 |    20 ||   110
Invok: Berserk           |       |     4 |     1 ||     5
       Trog's Hand       |       |     1 |       ||     1
  Use: Scroll            |     5 |       |       ||     5
       Potion            |     1 |     1 |       ||     2
  Eat: Chunk             |       |     8 |     1 ||     9
       Ration            |       |       |     1 ||     1
Armor: Animal skin       |     2 |       |       ||     2
       Ring mail         |       |    50 |    24 ||    74
Dodge: Dodged            |    16 |    77 |    31 ||   124
       Rpst.: Falchion   |     4 |    19 |    12 ||    35
